Workbook

Sheet Ficha Avance
D1: Dirección Ejecutiva de Administración Judicial | J1: SIGCMA
A5: FICHA DE AVANCE DE EJECUCIÓN DE CONTRATO
A7: A. INFORMACIÓN GENERAL
A8: Entidad | B8: NACION -CONSEJO SUPERIOR DE LA JUDICATURA | G8: Contrato / Convenio | I8: No. interno | K8: 082 DE 2023
A9: Fecha reporte | B9: =+TODAY() -> 46230 | D9: Ficha No. | E9: 1 | I9: No. SECOP o TVEC | K9: CO1.PCCNTR.5293634
A10: Supervisor(a) AFCJ | B10: RODRIGO JOSE ZABALETA BAÑOL | G10: Fecha (AAAA-MM-DD) | I10: Suscripción | K10: 18 de agosto de 2023
A11: Supervisión Técnica | B11: Unidad Responsable | D11: División de Mantenimiento y Mejoramiento | I11: Inicio | K11: 31 de agosto de 2023
B12: Nombre supervisor(a) | D12: Néstor Andrés Sánchez Hernández | I12: Terminación (inicialmente pactada) | K12: 45291
A13: Interventoría (si aplica) | B13: No aplica | I13: Terminación definitiva (incluídas prórrogas, si aplica) | K13: 45291
A14: Contratista | B14: Razón social | D14: DETECTA CORP S.A. | G14: Plazo inicial | J14: 45291
B15: NIT | D15: 800090427 | G15: Plazo final | J15: 45291
A16: Modalidad de Selección | D16: CONTRATACIÓN DIRECTA | G16: Valor Inicial | J16: 60000000
A17: No. proceso de selección | D17: CD-045-2023 | G17: Valor total (Incluídas adiciones) | J17: =+J16+E42 -> 60000000
A18: Pertenece al Plan Operativo | D18: SI | F18: NO | G18: % Avance | H18: Ejecución presupuestal | J18: 0
A19: Link consulta en SECOP o TVEC | H19: Tiempo | J19: 0
H20: Entregables (si aplica) | J20: 0
A21: Objeto | B21: Prestar el servicio de mantenimiento integral para los equipos de rayos X marca Smith Detection y el arco detector de metales marca CEIA | J21: Lugar de ejecución | K21: Bogotá D.C.
A23: Póliza No. | B23: 33-44-101238863 | D23: Aseguradora | F23: Vigencia | H23: Amparos
F24: Desde | G24: Hasta
A25: Fecha aprobación | B25: 45166 | D25: Mundial de Seguros S.A. | F25: 45156 | G25: 45473 | H25: Cumplimiento
F26: 45156 | G26: 46387 | H26: Pago de salarios, prestaciones sociales legales e indemnizaciones laborales.
F27: 45156 | G27: 45473 | H27: Calidad del servicio
F28: 45156 | G28: 45473 | H28: Calidad de los bienes
A29: Modificaciones a la póliza
A30: Tipo de modificación | D30: Fecha | E30: Observaciones
A33: B. MODIFICACIONES
A34: Tipo | B34: Modificación No. | C34: No. SECOP o TVEC | D34: Fecha | E34: Valor (Si aplica) | F34: Desde (AAAA-MM-DD) | G34: Hasta (AAAA-MM-DD) | H34: Tiempo | J34: Comentarios / Observaciones (Registrar #RP, #CDP y Unidad Ejecutora, en caso de adiciones o reducciones)
A36: ADICIÓN | E36: 0 | H36: =IF(DATEDIF(F36,G36,"y")=0,"", DATEDIF(F36,G36,"y") & " años ") & IF(DATEDIF(F36,G36,"ym")=0,"",DATEDIF(F36,G36,"ym") & " meses ") & IF(DATEDIF(F36,G36,"md")=0,"",DATEDIF(F36,G36,"md") & " días")
A37: PRÓRROGA | E37: -
A38: OTROSÍ | E38: - | H38: =IF(DATEDIF(F38,G38,"y")=0,"", DATEDIF(F38,G38,"y") & " años ") & IF(DATEDIF(F38,G38,"ym")=0,"",DATEDIF(F38,G38,"ym") & " meses ") & IF(DATEDIF(F38,G38,"md")=0,"",DATEDIF(F38,G38,"md") & " días")
A39: REDUCCIÓN | H39: =IF(DATEDIF(F39,G39,"y")=0,"", DATEDIF(F39,G39,"y") & " años ") & IF(DATEDIF(F39,G39,"ym")=0,"",DATEDIF(F39,G39,"ym") & " meses ") & IF(DATEDIF(F39,G39,"md")=0,"",DATEDIF(F39,G39,"md") & " días")
A40: ADICIÓN | H40: =IF(DATEDIF(F40,G40,"y")=0,"", DATEDIF(F40,G40,"y") & " años ") & IF(DATEDIF(F40,G40,"ym")=0,"",DATEDIF(F40,G40,"ym") & " meses ") & IF(DATEDIF(F40,G40,"md")=0,"",DATEDIF(F40,G40,"md") & " días")
A42: Total adiciones | E42: =+SUM(E36:E40) -> 0
A44: C. INFORMACIÓN PRESUPUESTAL
A46: Unidad Ejecutora | B46: CDP | D46: Rubro(s) (Posición catálogo del gasto) | G46: Valor CDP | I46: Movimientos | J46: Registro Presupuestal
B47: No. | C47: Fecha | J47: No. | K47: Fecha | L47: Valor
A48: 02 - CONSEJO SUPERIOR DE LA JUDICATURA | B48: 10923 | C48: 44966 | D48: A-02-02-02-008-007 SERVICIOS DE MANTENIMIENTO, REPARACIÓN E INSTALACIÓN (EXCEPTO SERVICIOS DE CONSTRUCCIÓN | G48: 12000000 | I48: N/A | J48: 207923 | K48: 45156 | L48: 12000000
A50: 03 - CORTE SUPREMA DE JUSTICIA | B50: 4323 | C50: 44966 | D50: A-02-02-02-008-007 SERVICIOS DE MANTENIMIENTO, REPARACIÓN E INSTALACIÓN (EXCEPTO SERVICIOS DE CONSTRUCCIÓN | G50: 12000000 | J50: 40323 | K50: 45156 | L50: 12000000
A52: 04 - CONSEJO DE ESTADO | B52: 4523 | C52: 44966 | D52: A-02-02-02-008-007 SERVICIOS DE MANTENIMIENTO, REPARACIÓN E INSTALACIÓN (EXCEPTO SERVICIOS DE CONSTRUCCIÓN | G52: 12000000 | J52: 28023 | K52: 45156 | L52: 12000000
A53: 05 - CORTE CONSTITUCIONAL | B53: 4323 | C53: 44966 | D53: A-02-02-02-008-007 SERVICIOS DE MANTENIMIENTO, REPARACIÓN E INSTALACIÓN (EXCEPTO SERVICIOS DE CONSTRUCCIÓN | G53: 12000000 | J53: 27123 | K53: 45156 | L53: 12000000
A54: 09 - COMISIÓN NACIONAL DE DISCIPLINA JUDICIAL | B54: 3523 | C54: 44966 | D54: A-02-02-02-008-007 SERVICIOS DE MANTENIMIENTO, REPARACIÓN E INSTALACIÓN (EXCEPTO SERVICIOS DE CONSTRUCCIÓN | G54: 12000000 | J54: 21723 | K54: 45156 | L54: 12000000
A55: TOTAL | G55: 60000000 | J55: TOTAL | L55: 60000000
A57: D. AVANCE EJECUCIÓN PRESUPUESTAL
A59: Total pagado a la fecha (incluido anticipo) | E59: =(C71+J59)/J17 -> 0 | G59: Valor anticipo | I59: 0 | J59: =+J16*I59 -> 0
A60: Saldo por pagar a la fecha | E60: =+D60/J17 -> 0 | G60: Fecha pago anticipo | J60: No aplica
A62: I. PAGOS REALIZADOS SIIF NACIÓN | G62: II. AMORTIZACIÓN ANTICIPO (si aplica)
A63: No. OP (SIIF) | B63: Fecha OP | C63: Valor | D63: % ejecución | E63: Factura(s) No. | G63: Fecha | H63: Soporte / actividad | K63: Valor | L63: %
A71: Total pagos SIIF | C71: =+SUM(C64:C70) -> 0 | D71: =+SUM(D64:D70) -> 0 | G71: Total amortizado | K71: =SUM(K64:K70) -> 0 | L71: =SUM(L64:L70) -> 0
A73: E. AVANCE DE EJECUCIÓN (Tiempo)
A74: Obligaciones del contratista | D74: Obligación(es) específica(s) (No.) | E74: Actividades realizadas para el cumplimiento de las obligaciones (Soportes, entregables, productos, evidencias, etc.) | G74: Factura relacionada | J74: RP a afectar | K74: Unidad Ejecutora | L74: Fecha de reporte (AAAA-MM-DD) | N74: Diferencia entre la fecha de reporte y la fecha de inicio | P74: Diferencia entre la fecha de terminación definitiva y la fecha de inicio
G75: No. | H75: Valor | I75: Periodo facturado
A76: 1. Obrar con buena fe en las distintas etapas contractuales evitando las dilaciones y tropiezos que puedan presentarse y obligándose no sólo a lo pactado expresamente en el presente contrato, sino a todo lo que corresponda a la naturaleza del mismo, según la ley, la costumbre o la equidad natural. 2. No acceder a peticiones o amenazas de quienes actúen por fuera de la ley, con el fin de obligarlos a hacer u omitir algún acto o hecho. Cuando una situación así se presente, el Contratista debe informar inmediatamente su ocurrencia a la Entidad y a las demás autoridades competentes. 3. Constituir las garantías requeridas por la Nación – Consejo Superior de la Judicatura, en los términos del Decreto 1082 de 2015 y solicitar la ampliación o modificación de las garantías en el evento de presentarse alguna adición o prórroga o suspensión del contrato. Así como informar a la aseguradora sobre las suspensiones y reanudaciones que se llegaran a presentar, dentro de los 5 días hábiles siguientes a su suscripción. 4. Garantizar la calidad del servicio objeto del contrato y responder por ello de conformidad con lo establecido por el numeral 4 del artículo 5 de la Ley 80 de 1993. 5. Cumplir el objeto contractual, en los tiempos establecidos, obedeciendo las condiciones y características señaladas en el estudio previo y la oferta respecto del servicio contratado. 6. Informar toda suspensión y reinicio del contrato a la compañía aseguradora, a efectos de prorrogar la vigencia de las pólizas. 7. Asumir todos los gastos que se ocasionen en relación con la ejecución del contrato. 8. Designar y mantener a su costa, durante todo el período de ejecución del contrato, al personal idóneo solicitado en el proceso y demás profesionales y personal de apoyo que se requiera para la correcta y normal ejecución del contrato. 9. Tomar las previsiones necesarias e indispensables para garantizar la seguridad industrial del personal a su cargo o servicio, de acuerdo con las reglamentaciones vigentes. 10. Pagar oportunamente los salarios y prestaciones sociales a todo el personal empleado en la ejecución del contrato y, en general, dar estricto cumplimiento a la totalidad de obligaciones con el sistema integral de seguridad social y aportes parafiscales derivadas de la ejecución del contrato. El incumplimiento de estas obligaciones por parte del contratista para con sus empleados podrá generar la imposición de multas sucesivas, de conformidad con lo establecido en el artículo 23 de la Ley 1150 de 2007. 11. Entregar los documentos requeridos para el pago de conformidad con la forma de pago estipulada en el presente contrato. 12. Suministrar a la Dirección Ejecutiva de Administración Judicial para la realización de cada pago derivado del contrato y a la finalización del mismo, la información que acredite el pago de las obligaciones con el sistema integral de seguridad. 13. Reportar de forma inmediata a la Dirección Ejecutiva de Administración Judicial - DEAJ - cualquier novedad o anomalía presentada en la continuidad y correcta prestación del servicio. El incidente debe ser comunicado al supervisor del contrato por escrito por los medios tecnológicos disponibles. 14. Suministrar al Consejo Superior de la Judicatura - Dirección Ejecutiva de Administración Judicial y al supervisor, cuando lo soliciten, informe sobre cualquier aspecto del contrato, para verificar el correcto y oportuno cumplimiento de las obligaciones que contrae. 15. Suministrar al supervisor del contrato la información necesaria para elaborar el proyecto de acta de liquidación del mismo, dentro de los cuatro (4) meses siguientes a la terminación del contrato, conforme a lo establecido en el artículo 11 Ley 1150 de 2007. 16. Realizar el mantenimiento preventivo y correctivo de acuerdo con los procedimientos técnicos establecidos en las especificaciones técnicas del Proceso de Selección CD-045-2023 y en la oferta presentada, de acuerdo con los tiempos establecido en el cronograma aprobado por el Supervisor del Contrato. 17. Atender de lunes a domingo, las solicitudes de mantenimiento correctivo con un tiempo de respuesta no superior a cuatro (4) horas. 18. Ejecutar las labores contratadas con personal experimentado, especializado, certificado y calificado por DETECTA CORP, SMITHS DETECTION INC. y CEIA. para intervenir equipos de la marca y características del estudio previo. 19. Mantener a los técnicos certificados y aprobados por fábrica para realizar procedimientos de control avanzados y para los casos que ameriten conceptos o soluciones para los equipos que forman parte del contrato. 20. Suministrar los repuestos nuevos y originales de consumo básico de cada rutina tales como: tornillos, lubricantes, arandelas, partes, y todos los demás insumos que sean necesarios para la intervención técnica básica y para garantizar la continuidad del servicio y el funcionamiento de cada máquina de RX y del arco detector de metales. En caso de que se requiera hacer efectiva alguna garantía, durante los plazos antes señalados, bien sea por la prestación de servicios o por los repuestos, la misma no conllevará ninguna contraprestación adicional para el contratista a cargo de la entidad. 21. Ejecutar las rutinas de mantenimiento de conformidad con el “programa de mantenimiento preventivo y correctivo proyecto Consejo Superior de la Judicatura”, definido por el contratista y la supervisión del contrato. Se debe presentar un informe sobre la actividad desarrollada. 22. Mantener vigente la certificación en la que acredita que es la representante comercial autorizada para Colombia de la empresa SMITHS DETECTION INC., para ejecutar contratos de mantenimiento y la intervención técnica de equipos. 23. Mantener vigente la certificación en la que acredita que es el único distribuidor autorizado para Colombia de la firma CEIA COSTRUZIONI ELETTRONICHE INDUSTRIALI AUTOMATISMI S.A. para suministrar sus productos, proporcionar la puesta en marcha, mantenimiento y servicio post venta, incluyendo el suministro de piezas de repuesto. 24. Adelantar las labores de mantenimiento preventivo de forma trimestral, dentro del plazo estipulado, en un cronograma de ejecución presentado por el contratista y aprobado previamente por el supervisor del contrato. 25. Reparar, dentro del plazo señalado por el supervisor del contrato, cualquier daño que ocurra a los equipos por causa imputable a sus empleados. 26. Garantizar la consecución y entrega oportuna, dentro de los términos establecidos por el supervisor del contrato, de los repuestos requeridos para el servicio contratado. 27. Las demás obligaciones relacionadas con la naturaleza del servicio que se va a contratar. | D76: 1 | N76: =+O76/$P$76 -> #VALUE! | O76: =L76-$K$11 -> #VALUE! | P76: =+K13-K11 -> #VALUE!
N77: =+O77/$P$76 -> #VALUE! | O77: =L77-$K$11 -> #VALUE!
N78: =+O78/$P$76 -> #VALUE! | O78: =L78-$K$11 -> #VALUE!
N82: =+O82/$P$76 -> #VALUE! | O82: =L82-$K$11 -> #VALUE!
N84: =+O84/$P$76 -> #VALUE! | O84: =L84-$K$11 -> #VALUE!
I85: % Ejecución en tiempo (acumulado)
A87: F. AVANCE ENTREGA DE BIENES, PRODUCTOS Y/O SERVICIOS (Si se han establecido entregables)
A88: Cantidad entregables pactados | B88: Entregable No. | C88: Descripción del bien, producto o servicio PACTADO | F88: Descripción del bien, producto o servicio RECIBIDO | J88: Fecha Recibido | K88: % | L88: % acumulado entregables
A92: G. REQUERIMIENTOS ENVIADOS AL CONTRATISTA
A93: Fecha presentación requerimiento | B93: Descripción (Causas, hechos) | E93: Alternativas de solución | F93: Acciones y/o compromisos adelantados por el contratista como respuesta | I93: Fecha solución | J93: Resultados
A101: FIRMAS
A102: Firma | F102: Firma
A103: Nombre | B103: RODRIGO JOSE ZABALETA BAÑOL | F103: Nombre
A104: Cargo | B104: Supervisor Administrativo, financiero, contable y jurídico - Profesional Universitario Grado 13 | F104: Cargo
A106: Elaboró | B106: RODRIGO JOSE ZABALETA BAÑOL
A107: Revisó: | B107: DIANA CAROLINA RODRIGUEZ RAMOS
A108: Aprobó: | B108: DIANA CAROLINA RODRIGUEZ RAMOS

Sheet Inf. Supervisión AFCJ
D1: DIRECCION EJECUTIVA DE ADMINISTRACION JUDICIAL
A3: INFORME DE SUPERVISION TÉCNICA, ADMINISTRATIVA, FINANCIERA, CONTABLE Y JURÍDICA
A5: =+'Ficha Avance'!$A$7:$L$7 -> A. INFORMACIÓN GENERAL
A6: Fecha de Presentación del informe | C6: Período del Informe - Entregable No. | F6: Contratista | J6: Pago No.
F7: Razón social | I7: C.C. /NIT
A8: 07 de julio de 2026 | C8: 1 | F8: MEDICINA INTEGRAL AT IPS SAS | I8: 901480174-1 | J8: 1 | L8: NO
A9: Objeto contractual | C9: Contratar la realización de exámenes médicos ocupacionales de ingreso y egreso, pruebas psicotécnicas, valoración para reincorporación, exámenes periódicos requeridos para los empleados y funcionarios de las dependencias judiciales y administrativas, así como cualquier tipo de examen que sea necesario para el cumplimiento del sistema de gestión de seguridad y salud en el trabajo, a cargo de la Dirección Seccional de Administración Judicial de Cartagena. | H9: Nombres Supervisores
H10: Sup. Técnica | J10: María Paula Frieri Romero
H11: Sup. AFJC
A13: CONTRATO / CONVENIO | C13: No. Interno | D13: No. SECOP o TEVC (Si aplica) | F13: Tipo | G13: Valor Inicial del Contrato | H13: Póliza No. | J13: CG-1073474 | K13: Vigencia póliza: | L13: 20/02/2026 - 31/12/2029
A14: CONTRATO | C14: CT04-25-2026 | D14: CT04-25-2026 | F14: Prestación de Servicios | G14: 40000000 | H14: Aseguradora | J14: SEGUROS MUNDIAL | K14: Fecha aprobación | L14: 46077
A16: Fecha de suscripción | C16: 46073 | G16: Fecha de terminación (inicialmente pactada) | K16: 31 de Diciembre de 2026
A17: Fecha de inicio | C17: 46078 | G17: Fecha final (incluídas prórrogas, si aplica) | K17: 31 de Diciembre de 2026
A19: B. MODIFICACIONES
A20: Tipo | B20: Modificación No. (consecutivo) | C20: No. SECOP o TVEC | D20: Fecha | E20: Valor (Si aplica) | F20: Desde (AAAA-MM-DD) | G20: Hasta (AAAA-MM-DD) | H20: Tiempo (años, meses y días) | K20: Comentarios / Observaciones (Registrar #RP, #CDP y Unidad Ejecutora, en caso de adiciones o reducciones)
D23: Total adiciones | E23: =SUM(E21:E22) -> 0
A25: C. INFORMACIÓN FINANCIERA
A27: Unidad Ejecutora | B27: CDP | F27: Registro Presupuestal
B28: No. | C28: Fecha | D28: Rubro(s) (Posición catálogo del gasto) | E28: Valor CDP | F28: No. RP | G28: Fecha del RP | H28: Valor RP | I28: Total Pagos Realizados con el RP | J28: % de Ejecución del RP | K28: Liberaciones | L28: Saldo Por Utilizar RP
A29: 27-01-01-800 | B29: 22726 | C29: 46073 | D29: A-02-02-02-009-003 | E29: 34554260 | F29: 22726 | G29: 05/02/2026 | H29: 34554260 | I29: =SUMIFS($F$39:$F$48,$A$39:$A$48,$F29,$B$39:$B$48,$A29,$C$39:$C$48,$D29) -> 0 | J29: =IFERROR(I29/H29,0) -> 0 | L29: =H29-I29-K29 -> 34554260
A30: Total | E30: =SUM(E29:E29) -> 34554260 | F30: Total | H30: =SUM(H29:H29) -> 34554260 | I30: =SUM(I29:I29) -> 0 | J30: =SUM(J29:J29) -> 0 | K30: =SUM(K29:K29) -> 0 | L30: =SUM(L29:L29) -> 34554260
A32: Valor inicial del contrato | D32: =+H30 -> 34554260 | G32: =+'Ficha Avance'!A60 -> Saldo por pagar a la fecha | K32: =D34-D35 -> 23383760
A33: Valor Adiciones o Reucciones | D33: =+E23 -> 0
A34: Valor total (Incluídas adiciones) | D34: =D32 -> 34554260
A35: Total pagado a la fecha (incluido anticipo) | D35: =F51 -> 11170500 | E35: =$H$51 -> 0.32327418 | G35: Valor anticipo (Si aplica) | J35: =+K35/D34 -> 0 | K35: 0
A37: I. PAGOS REALIZADOS SIIF NACIÓN | J37: II. AMORTIZACIÓN ANTICIPO (si aplica)
A38: RP | B38: Sub-Unidad | C38: Rubro | D38: Fecha del Pago | E38: No. Orden de Pago (SIIF) | F38: Valor Orden de Pago SIIF | G38: Factura No. - Cuenta de Cobro | H38: Porcentaje Valor Pagado | J38: Soporte/Actividad | K38: Fecha | L38: Valor
A39: 9426 | B39: 27-01-01-800 | C39: C-2701-0800-39-20111D-2701048-02 | F39: 11170500 | G39: MIAT6430 | H39: =IFERROR(F39/$D$34,0) -> 0.32327418 | L39: 0
H40: =IFERROR(F40/$D$34,0) -> 0 | L40: 0
H41: =IFERROR(F41/$D$34,0) -> 0 | L41: 0
H42: =IFERROR(F42/$D$34,0) -> 0 | L42: 0
H43: =IFERROR(F43/$D$34,0) -> 0 | L43: 0
H44: =IFERROR(F44/$D$34,0) -> 0 | L44: 0
H45: =IFERROR(F45/$D$34,0) -> 0
H46: =IFERROR(F46/$D$34,0) -> 0 | L46: 0
H47: =IFERROR(F47/$D$34,0) -> 0 | L47: 0
F48: 0 | H48: =IFERROR(F48/$D$34,0) -> 0 | L48: 0
H49: =IFERROR(F49/$D$34,0) -> 0
H50: =IFERROR(F50/$D$34,0) -> 0
A51: =+'Ficha Avance'!A71:B71 -> Total pagos SIIF | F51: =SUM(F39:F50) -> 11170500 | G51: Total Porcentaje Ejecución Financiera | H51: =SUM(H39:H50) -> 0.32327418 | J51: Total amortizado | K51: 0 | L51: =SUM(L39:L39) -> 0
A52: Para el caso de convenios interadministrativos y otros relacionados, se deberán anexar todos los soportes adicionales solicitados por el supervisor y/o interventor. (Facturas, comprobantes de pago de rendimientos, de acuerdo con el formato establecido)
A53: D. CUMPLIMIENTO DE LAS OBLIGACIONES DURANTE EL PERIODO REPORTADO
A54: Obligaciones contractuales | C54: Obligación Especifica | D54: =+'Ficha Avance'!E74 -> Actividades realizadas para el cumplimiento de las obligaciones (Soportes, entregables, productos, evidencias, etc.) | G54: Factura No. /Cuenta de Cobro No. | H54: Valor factura - Valor a Cobrar | I54: RP a afectar | J54: Sub-unidad Ejecutora | K54: Rubro | L54: % del Pago a realizar
A55: 1. El contratista realizará exámenes médicos ocupacionales de ingreso, valoración médica laboral para retiro, post- incapacidad y periódicos los cuales deberán ser realizados por el profesional Médico con especialidad en Salud Ocupacional. 2. El contratista entregará al supervisor del contrato asignado por la Entidad las hojas de vida del personal que ejecutará el contrato, quien verificará que cumplen los requisitos. (REMITIRSE AL ANEXO 8. ESPECIFICACIONES TECNICAS) 3. El contratista debe seguir las indicaciones del supervisor, en cuanto a la presentación de informes, planilla y demás. 4. El tiempo mínimo para la práctica de los exámenes médicos con énfasis osteomusculares, deberá ser de veinte (20) minutos. 5. El contratista deberá asegurar la prestación del servicio durante ocho (8) horas al día, de cada uno de los profesionales requeridos para los exámenes a practicar, según la programación de fechas prevista con el supervisor del contrato. 6. El contratista solicitará por intermedio de un médico especialista en salud ocupacional al proveedor anterior, la entrega de los resultados de los exámenes médicos efectuados que no hayan sido objeto de lectura. 7. El contratista realizará la programación y confirmación de la cita de examen con énfasis osteomuscular y lectura de resultados, de forma directa con cada uno de los servidores judiciales, para lo cual deberá recolectar dicha información en el proceso de toma de muestras. El contratista deberá procurar que para la lectura de resultados el servidor cuente de manera previa con los exámenes correspondientes. 8. El contratista se encargará de presentar un informe mensualmente del valor de los exámenes practicados, dentro de los cinco (5) días hábiles de cada mes, indicando el valor acumulado del mismo y el saldo pendiente por ejecutar del valor del contrato. 9. El contratista entregará junto con el informe anterior, el listado digitalizado de las personas que asistieron a cada uno de los exámenes, discriminando el tipo de examen practicado, asegurando que cada persona se efectúe la totalidad de los exámenes requeridos. 10.El contratista deberá realizar la entrega de los resultados y/o certificados de aptitud de los exámenes practicados por correo electrónico, o de forma directa al supervisor del contrato, con una periodicidad mensual junto con la entrega de la facturación. 11.Toda evaluación médica ocupacional debe ser firmada por el trabajador y por el médico evaluador, con indicación de los números de registro médico y de la licencia en salud ocupacional, indicando el tipo de evaluación de Ingreso, periódica, de egreso o específica, realizada. 12.Tanto en las evaluaciones médicas de Ingreso, como en las periódicas programadas, se deberán anexar los conceptos sobre restricciones existentes, describiendo cuáles son, ante qué condiciones, funciones, factores o agentes de riesgo se producen, indicando si son temporales o permanentes y las recomendaciones que sean pertinentes. 13.La información mínima que debe quedar registrada en las diferentes evaluaciones médicas ocupacionales se deberán encontrar acorde con lo establecido en el artículo 8 de la Resolución No. 2346 de 2007, expedida por el Ministerio de la Protección Social. 14.El contratista suministrará los materiales y equipos (batas, guantes, fonendoscopio, tabla de Snellen, equipo de optometría y audiometría con su respectivo certificado de calibración, tensiómetro, equipo de órganos, báscula, tallímetro, bajalenguas, metro, martillo de reflejos, entre otros) necesarios para realizar los exámenes. | C55: 15.El contratista suministrará la papelería que se requiera para la realización de los exámenes por parte de la Dirección Seccional de Administración Judicial en el circuito judicial de Cartagena y San Andrés, Providencia y Santa Catalina, Mompox, Magangué y Carmen de Bolivar. 16.El contratista entregará un informe final sobre los exámenes realizados en los formatos y procedimientos establecidos por la Entidad, y al finalizar deberá presentar el informe de morbilidad según los parámetros sugeridos por la legislación y definidos por la Entidad, el cual será requisito final para el trámite de pago. (Los formatos incluyen: Formato de informe en diagnóstico en salud de ingreso y periódico o postincapacidad con una base de datos de ingreso, retiro, postincapacidad y periódicos igualmente el formato de ingreso al respectivo servidor judicial). | D55: Cartagena Egreso: 2 Ingreso: 34 Periódico: 25 Post Incapacidad: 1 Recomendaciones: 11 Municipios Ingreso: 18 Periódico: 20 Total general: 111 evaluaciones médico-ocupacionales. | G55: MIAT6430 | H55: 11170500 | I55: 22726 | J55: 27-01-01-800 | K55: A-02-02-02-009-003 | L55: 0.32
C59: 17.Verificar, actualizar y proponer mejoras viables aplicables a los procedimientos implementados en el desarrollo del Sistema de Gestión de Seguridad y Salud en el Trabajo en la Gestión de los riesgos de la Salud para la Dirección Seccional de Administración Judicial de Cartagena – Bolívar en el Circuito Judicial de San Andrés, Providencia y Santa Catalina. 18.Verificar, actualizar y proponer mejoras viables aplicables a los procedimientos implementados en el desarrollo del sub programa de medicina preventiva y del trabajo para la Dirección Seccional de Administración Judicial de Cartagena – Bolívar circuito judicial de Cartagena y San Andrés, Providencia y Santa Catalina, Mompox, Magangué y Carmen de Bolivar.
C62: 19.Actualizar a la fecha de cada evaluación médica ocupacional, la correspondiente historia clínica ocupacional. 20.Diligenciar de manera oportuna los diferentes formatos relacionados con los procedimientos en la práctica de las evaluaciones médicas ocupacionales. 21.Entrega de informe mensual sobre historias clínicas ocupacionales realizadas y principales diagnósticos encontrados, con las recomendaciones médico-laborales o restricciones correspondientes en los casos de reintegro- Post incapacidad por enfermedad de origen común o laboral.
C65: 22.Entrega de informe mensual sobre historias clínicas ocupacionales realizadas y principales diagnósticos encontrados. 23. Guardar total reserva de la información que por razón del servicio y desarrollo de sus actividades obtenga. Esta es de propiedad de las Entidades y sólo salvo expreso requerimiento de autoridad competente podrá ser divulgada.
C67: 24. Adoptar las medidas necesarias para el ahorro y uso eficiente de agua, energía, papel, y manejo de residuos que se generen durante la ejecución del contrato, de acuerdo con la política ambiental de la Entidad. 25. Utilizar productos, empaques y materiales amigables con el medio ambiente 26.Las demás obligaciones relacionadas con la naturaleza del contrato.
A70: Total de pagos solicitados al corte del informe | H70: =+H55 -> 11170500 | I70: % Total de pagos solicitados al corte del informe | L70: =SUM(L55:L58) -> 0.32
A72: % Ejecución Fisica del Contrato al corte de este informe: | L72: =+L70 -> 0.32
A74: E. CONCEPTO DE LA SUPERVISIÓN TÉCNICA, ADMINISTRATIVA, FINANCIERA, CONTABLE Y JURÍDICA
A75: ¿El contrato se está ejecutando normalmente? | C75: SI | D75: NO | E75: ¿El contrato presenta retraso? | F75: SI | G75: NO | H75: ¿La prestación del objeto contratado cumple con las especificaciones y obligaciones pactadas? | K75: SI | L75: NO
A76: I. Resumen ejecución del contrato: | G76: II. Resumen asuntos pendientes del contratista:
A77: El contrato se está ejecutando con normalidad
A78: III. Matriz de Riesgo (Seguimiento Mensual) | C78: ¿Se configuró algún riesgo contemplado en la matriz? | E78: SI | F78: NO | G78: DESCRIPCION SEGUIMIENTO A MATRIZ DE RIESGO (S). Describir riesgo configurado, en caso de señalar la opción SI y medidas a adoptar y/o adoptadas para mitigarlo. No aplica, contrato financiado con recursos BID
A79: IV Validación de Pagos de Salarios, Aportes Parafiscales y Seguridad Social
A80: Declaración Juramentada o Certificación de Parafiscales (Si Aplica) | C80: Fecha Certificación o Declaración Juramentada | D80: Certificado antecedentes Revisor Fiscal (Si aplica) | E80: Fecha certificado antecedentes Revisor Fiscal (Si aplica) | F80: Nombre de quien expide certificado y/o declaración juramentada (Si aplica) | G80: Mes de la Planilla de Pago Seguridad Social (Si aplica) | H80: No. de la Planilla de Pago Seguridad Social (Si aplica) | J80: ¿Validación de la Planilla del Pago de Seguridad Social? (Si aplica)
A81: SI | C81: N/A | D81: N/A | E81: N/A | F81: N/A | J81: Certificado de aportes sociales
A82: ¿El contrato tiene Personal de trabajo? | E82: SI | F82: NO | G82: ¿Cantidad del Personal de trabajo del Contrato? | H82: N/A | J82: Observación: (Planilla) N/A
A83: V. Observaciones:
A84: Con base en el seguimiento realizado por el(la) supervisor(a) del contrato Número del CT04-25-2026 en lo técnico, administrativo, financiero, contable y juridico, se CERTIFICA que MEDICINA INTEGRAL AT IPS SAS, cumplió con el objeto contratado, por lo cual se autoriza el pago de acuerdo a lo descrito a continuación:
C85: UNIDAD | D85: RP AFECTAR | F85: CUENTA DE COBRO -FACTURA DE VENTA | H85: VALOR
C86: =+A29 -> 27-01-01-800 | D86: 9426 | F86: MIAT6430 | H86: =+H70 -> 11170500
C87: TOTAL A PAGAR | H87: =+H86 -> 11170500
A89: F. SUSCRIPCIÓN DEL INFORME
B90: Supervisora Técnica
A91: Nombre | B91: MARÍA PAULA FRIERI ROMERO | G91: Firma
A92: Cargo | B92: COORDINADORA SGSST
B93: Supervisor Administrativo, Financiero, Contable y Jurídico
A94: Nombre | G94: Firma
A95: Cargo
B96: Apoyo a la Supervisión Administrativo, Financiero, Contable y Jurídico | G96: Firma
A97: Nombre
A98: Cargo

Sheet Hoja1
D1: DIRECCION EJECUTIVA DE ADMINISTRACION JUDICIAL
A3: INFORME DE SUPERVISION TÉCNICA, ADMINISTRATIVA, FINANCIERA, CONTABLE Y JURÍDICA
A4: =+'Ficha Avance'!$A$7:$L$7 -> A. INFORMACIÓN GENERAL
A5: Fecha de Presentación del informe | C5: Período del Informe y/ Entregable | F5: Contratista | I5: Pago Realizados No.
F6: Razón social | H6: NIT
A7: 45279
A8: Objeto contractual | H8: Nombres Supervisores
H9: Sup. Técnica
H10: Sup. AFJC
A12: CONTRATO / CONVENIO | C12: No. Interno | D12: No. SECOP o TEVC (Si aplica) | F12: Tipo | H12: Póliza No. | J12: Vigencia póliza:
A13: CONTRATO | H13: Aseguradora | J13: Fecha aprobación
A15: Fecha de suscripción | G15: Fecha de terminación (inicialmente pactada)
A16: Fecha de inicio | G16: Fecha final (incluídas prórrogas, si aplica)

Sheet Control de pagos
A1: MATRIZ DE CONTROL DE PAGOS
A2: Contrato N° | B2: No. Interno | C2: 082 de 2023 | E2: Modalidad de Selección | F2: =+'Ficha Avance'!D16 -> CONTRATACIÓN DIRECTA | I2: Objeto | J2: Prestar el servicio de mantenimiento integral para los equipos de rayos X marca Smith Detection y el arco detector de metales marca CEIA
B3: No. SECOP o TVEC | C3: CO1.PCCNTR.5293634 | E3: Proceso de selección | F3: =+'Ficha Avance'!D17 -> CD-045-2023
A5: Contratista | B5: Razón social | C5: =+'Ficha Avance'!D14 -> DETECTA CORP S.A. | E5: Dirección | F5: Avenida Calle 26 No 96J-66 Bogotá | I5: e-mail | J5: contabilidad@detectacorp.com
B6: NIT | C6: =+'Ficha Avance'!D15 -> 800090427 | E6: Teléfono | F6: (601) 2968900
A8: Supervisor(a) AFCJ | B8: =+'Ficha Avance'!B10:F10 -> RODRIGO JOSE ZABALETA BAÑOL | G8: Fecha de suscripción | I8: =+'Ficha Avance'!K10 -> 18 de agosto de 2023 | K8: Fecha terminación (inicialmente pactada) | M8: 45291
A9: Supervisión Técnica | B9: Unidad Responsable | D9: =+'Ficha Avance'!D11:F11 -> División de Mantenimiento y Mejoramiento | G9: Fecha de inicio | I9: =+'Ficha Avance'!K11 -> 31 de agosto de 2023 | K9: Terminación definitiva (incluídas prórrogas, si aplica) | M9: 45291
B10: Nombre supervisor(a) | D10: =+'Ficha Avance'!D12:F12 -> Néstor Andrés Sánchez Hernández
A12: Rubro | B12: C-2701-0800-36-0-2701048-021
A13: Valor inicial | B13: 60000000
A14: Valor adiciones | B14: 0 | C14: 0 | D14: 0 | E14: 0
A15: Valor total | B15: 60000000
A16: Forma de pago | B16: De acuerdo a lo pactado en el contrato.
A17: Fecha oportuna Liquidación
A19: UNIDAD | B19: 02 | C19: 03 | D19: 04 | E19: 05 | F19: 08 | G19: 09 | H19: TOTAL | I19: FACTURA | K19: FECHA RADICADO EN OLIMPIA IT | L19: FECHA APROBACIÓN SUPERVISOR (en olimpia IT) | M19: PERÍODO FACTURADO | N19: MEMORANDO PAGO | P19: OBLIGACIÓN | R19: ORDEN DE PAGO SIIF | S19: FECHA | T19: ORDEN DE PAGO SIIF UNIDAD 03 | U19: FECHA | V19: ORDEN DE PAGO SIIF UNIDAD 04 | W19: FECHA | X19: ORDEN DE PAGO SIIF UNIDAD 05 | Y19: FECHA
A20: CDP | I20: No. | J20: Fecha | N20: No. | O20: Fecha | P20: No. | Q20: Fecha
A21: RP VIGENCIA
A22: VALOR | B22: 12000000 | C22: 12000000 | D22: 12000000 | E22: 12000000 | G22: 12000000 | H22: =SUM(B22:G22) -> 60000000
A23: VALOR FACTURADO | B23: 513633 | C23: 800768 | D23: 800768 | E23: 800768 | G23: 800768 | H23: =SUM(B23:G23) -> 3716705
H24: =SUM(B24:F24) -> 0
H25: =SUM(B25:F25) -> 0
H26: =SUM(B26:F26) -> 0
H27: =SUM(B27:F27) -> 0
H28: =SUM(B28:F28) -> 0
H29: =SUM(B29:F29) -> 0
H30: =SUM(B30:F30) -> 0
H31: =SUM(B31:F31) -> 0
H32: =SUM(B32:F32) -> 0
H33: =SUM(B33:F33) -> 0
A34: CDP
A35: RP VIGENCIA
A36: VALOR | H36: =B36+C36+D36+E36 -> 0
A37: VALOR FACTURADO | H37: =SUM(B37:F37) -> 0
H38: =SUM(B38:F38) -> 0
H39: =SUM(B39:F39) -> 0
H40: =SUM(B40:F40) -> 0
H41: =SUM(B41:F41) -> 0
H42: =SUM(B42:F42) -> 0
H43: =SUM(B43:F43) -> 0
H44: =SUM(B44:F44) -> 0
H45: =SUM(B45:F45) -> 0
H46: =SUM(B46:F46) -> 0
H47: =SUM(B47:F47) -> 0
A48: SALDO | B48: =+B22-SUM(B23:B26) -> 11486367 | C48: =+C22-SUM(C23:C33) -> 11199232 | D48: =+D22-SUM(D23:D33) -> 11199232 | E48: =+E22-SUM(E23:E33) -> 11199232 | F48: =+F22-SUM(F23:F33) -> 0 | H48: =H22-H23 -> 56283295
A49: FACTURADO - PAGADO | B49: =SUM(B23:B26) -> 513633 | C49: =SUM(C23:C33) -> 800768 | D49: =SUM(D23:D33) -> 800768 | E49: =SUM(E23:E33) -> 800768 | F49: =SUM(F23:F33) -> 0 | H49: =H23 -> 3716705
A50: EJECUCION FISICA | B50: 0.0619

Sheet Datos
A1: TIPO DE MODIFICACIÓN | B1: FECHA | C1: RANGO MAX Y MIN | D1: Fórmula conteo tiempo (quitando datos en ceros) | E1: MODALIDAD DE SELECCIÓN | G1: UNIDADES EJECUTORAS | I1: AMPAROS
A2: PRÓRROGA | B2: 01/01/2000 | C2: 0 | D2: .=SI(SIFECHA(fecha inicial,fecha final,"y")=0,"", SIFECHA(fecha inicial,fecha final,"y") & " años ") & SI(SIFECHA(fecha inicial,fecha final,"ym")=0,"",SIFECHA(fecha inicial,fecha final,"ym") & " meses ") & SI(SIFECHA(fecha inicial,fecha final,"md")=0,"",SIFECHA(fecha inicial,fecha final,"md") & " días") | E2: LICITACIÓN PÚBLICA | G2: 27-01-02-000 | I2: Cumplimiento
A3: ADICIÓN | B3: 31/12/2050 | C3: 1 | E3: SELECCIÓN ABREVIADA MENOR CUANTÍA | G3: 27-01-03-000 | I3: Responsabilidad Civil Extracontractual
A4: OTROSÍ | E4: SELECCIÓN ABREVIADA SUBASTA INVERSA | G4: 27-01-04-000 | I4: Buen manejo y correcta inversión del anticipo
A5: SUSPENSIÓN | E5: SELECCIÓN ABREVIADA AMP | G5: 27-01-05-000 | I5: Pago anticipado
A6: REINICIO | E6: MÍNIMA CUANTÍA | G6: 27-01-08-000 | I6: Pago de salarios, prestaciones sociales legales e indemnizaciones laborales.
A7: REDUCCIÓN | E7: GRANDES SUPERFICIES TVEC | G7: 27-01-09-000 | I7: Estabilidad y calidad de la obra
A8: CAMBIO DE SUPERVISIÓN | E8: CONTRATACIÓN DIRECTA | G8: 27-01-02-032 | I8: Calidad del servicio
A9: Condicionante | E9: CONCURSO DE MÉRITOS | G9: 27-01-01-200 | I9: Calidad de los bienes
A10: =+'Inf. Supervisión AFCJ'!#REF! -> #REF! | G10: 27-01-01-300
G11: 27-01-01-400
G12: 27-01-01-500
A13: CONTRATO | G13: 27-01-01-800
A14: CONVENIO | G14: 27-01-01-900
G17: PRÓRROGA
G18: ADICIÓN
G19: OTROSÍ
G20: SUSPENSIÓN
G21: REINICIO
G22: REDUCCIÓN
G23: CAMBIO DE SUPERVISIÓN
G24: PRÓRROGA Y ADICIÓN
G25: OTROSI Y PRÓRROGA
G26: OTROSÍ Y ADICIÓN
G27: OTROSÍ ADICIÓN Y PRÓRROGA
